 Dungeon Crawl Stone Soup version 0.19.1 (webtiles) character file.

588 sveltemanboy the Caller (level 7, 0/45 HPs)
             Began as a Mottled Draconian Summoner on Dec 27, 2016.
             Was an Initiate of Ashenzari.
             Slain by a centaur (2 damage)
             ... on level 5 of the Dungeon.
             The game lasted 00:14:28 (5664 turns).

sveltemanboy the Caller (DrSu)                      Turns: 5664, Time: 00:14:28

Health: 0/45       AC:  7    Str:  8 (10) XL:     7   Next: 15%
Magic:  1/10       EV: 12    Int: 16 (18) God:    Ashenzari [......]
Gold:   172        SH:  0    Dex: 10 (11) Spells: 3 memorised, 4 levels left

rFire  . . .     SeeInvis .     x - +0 spear
rCold  + . .     Gourm    .     (armour unavailable)
rNeg   . . .     Faith    .     (no shield)
rPois  .         Spirit   .     (helmet restricted)
rElec  .         Reflect  .     q - +0 cloak (curse)
rCorr  .         Harm     .     (no gloves)
MR     .....                    (no boots)
Stlth  ++........               (no amulet)
                                (no ring)
                                (no ring)

@: no status effects
A: breathe sticky flame splash, unfitting armour, cold resistance 1,
deterioration 1, frail 1, cold-blooded, AC +6
a: Breathe Sticky Flame, Curse Item, Renounce Religion


You were on level 5 of the Dungeon.
You worshipped Ashenzari.
Ashenzari was noncommittal.
You were hungry.

You visited 2 branches of the dungeon, and saw 6 of its levels.

You collected 172 gold pieces.

Inventory:

Hand Weapons
 x - a +0 spear (weapon)
Armour
 q - a cursed +0 cloak (worn)
 r - a +0 buckler
Scrolls
 e - 2 scrolls of enchant weapon {unknown}
 f - a scroll of remove curse
 g - 3 scrolls of immolation {unknown}
 h - a scroll of random uselessness {unknown}
 l - a scroll of enchant armour {unknown}
 m - a scroll of recharging {unknown}
 n - 2 scrolls of fear
 u - a scroll of magic mapping {unknown}
 v - 2 scrolls of identify {unknown}
Potions
 c - a potion of haste
Books
 a - a book of Callings

   Spells                             Type                      Level
   a - Summon Small Mammal            Summoning                    1
   b - Call Imp                       Summoning                    2
   c - Call Canine Familiar           Summoning                    3
   d - Summon Guardian Golem          Hexes/Summoning              3
   e - Summon Lightning Spire         Summoning/Air                4
   f - Summon Ice Beast               Ice/Summoning                4
 w - a book of Cantrips

   Spells                             Type                      Level
   a - Confusing Touch                Hexes                        1
   b - Animate Skeleton               Necromancy                   1
   c - Summon Small Mammal            Summoning                    1
   d - Apportation                    Translocation                1
Comestibles
 b - 3 bread rations
 i - a beef jerky
 j - a royal jelly
 p - 3 meat rations
 s - a slice of pizza


   Skills:
 - Level 1.7 Dodging
 - Level 1.7 Stealth
 + Level 4.8 Shields
 - Level 2.0 Spellcasting
 + Level 7.1 Summonings


You had 4 spell levels left.
You knew the following spells:

 Your Spells              Type           Power        Failure   Level  Hunger
a - Summon Small Mammal   Summ           ###.         1%          1    #......
b - Call Imp              Summ           ###.....     1%          2    ###....
c - Call Canine Familiar  Summ           ###.....     3%          3    ###....


Dungeon Overview and Level Annotations

Branches:
Dungeon (5/15)             Temple (1/1) D:5

Altars:
Ashenzari
Cheibriados
Elyvilon
Fedhas
Gozag
Hepliaklqana
Kikubaaqudgha
Nemelex Xobeh
Ru
Sif Muna
Trog
Uskayaw
Vehumet
Yredelemnul
Zin


Innate Abilities, Weirdness & Mutations

You can spit globs of burning liquid.
You can ignite nearby creatures when you spit burning liquid.
Your weird mottled scales are hard. (AC +6)
You cannot fit into any form of body armour.
You are cold-blooded and may be slowed by cold attacks.
Your flesh is cold resistant. (rC+)
Your body sometimes deteriorates upon taking damage.
You are frail. (-10% HP)


Message History

The bullfrog skeleton hits you.
* * * LOW HITPOINT WARNING * * *
Your hound misses the shadow imp.
The shadow imp barely misses your crimson imp.
Your crimson imp barely misses the shadow imp.
The centaur hits you but does no damage.
The bullfrog skeleton hits you.
* * * LOW HITPOINT WARNING * * *
Your crimson imp hits the shadow imp.
You hit the shadow imp but do no damage.
The shadow imp is almost dead.
Your hound bites the shadow imp.
The shadow imp dies!
The centaur hits you.
* * * LOW HITPOINT WARNING * * *
The bullfrog skeleton hits you but does no damage.
You hit the centaur.
The centaur is lightly wounded.
The centaur hits you.
You die...

.....########......#### #...
............[.........########...
####.......##..........##........
#..##...........>......####...
#..##...#..............## #...
####..##..>#...#####........##.#.
#.....##....^#..# ####......#.#.
#.###..#........##......##.....#.
..# #....###.(.5@c......##.....#.
.## #<...# ###.5hZ.......#.#.....
.## #....# ##..........#.#.....
..# #....# ##........ #..#..##
..# #....# #..........#.#... ..#
#....# .......... ..#...# ..#
#....# ++####... .#......
..#####.## ..... .#.... ....# #.#
#......


You could see a centaur, a bullfrog skeleton, a friendly hound and 2 friendly
crimson imps.

Vanquished Creatures
  An iguana (D:3)
  Ijyb (D:3)
  A gnoll (D:3)
  An ooze (D:4)
  A dart slug (D:1)
  A leopard gecko (D:3)
  An orc (D:5)
  2 ball pythons
  5 bats
  3 giant cockroaches
  2 goblins (D:1)
  6 hobgoblins
  7 jackals
  11 kobolds
  3 quokkas
  3 frilled lizards
  3 rats
52 creatures vanquished.

Vanquished Creatures (collateral kills)
  A sky beast (D:5)
  3 ogres
  2 big kobolds
  A scorpion (D:5)
  A crimson imp (D:5)
  3 orc wizards
  Natasha (twice) (D:3)
  Terence (D:3)
  2 worker ants (D:4)
  2 gnolls (D:3)
  An adder (D:2)
  A shadow imp (D:5)
  3 worms
  7 orcs
  A giant cockroach (D:3)
  2 goblins
  3 hobgoblins
  5 jackals (D:1)
  2 quokkas (D:5)
  2 bats (D:2)
  A frilled lizard (D:2)
  15 kobolds
  A quokka skeleton (D:5)
  A rat (D:1)
63 creatures vanquished.

Grand Total: 115 creatures vanquished

Notes
Turn   | Place    | Note
-------+----------+-------------------------------------------
     0 | D:1      | sveltemanboy the Draconian Summoner began the quest for the Orb.
     0 | D:1      | Reached XP level 1. HP: 14/14 MP: 3/3
   311 | D:1      | Reached XP level 2. HP: 17/20 MP: 1/5
   463 | D:1      | Learned a level 2 spell: Call Imp
  1160 | D:2      | Reached skill level 5 in Summonings
  1160 | D:2      | Reached XP level 3. HP: 26/26 MP: 6/6
  1373 | D:2      | Learned a level 3 spell: Call Canine Familiar
  1811 | D:3      | Reached skill level 1 in Shields
  1951 | D:3      | Noticed Natasha
  1959 | D:3      | Killed Natasha
  2049 | D:3      | Noticed Natasha
  2057 | D:3      | Killed Natasha
  2057 | D:3      | Reached XP level 4. HP: 15/33 MP: 0/7
  2132 | D:3      | Noticed Ijyb
  2149 | D:3      | Killed Ijyb
  2377 | D:3      | Gained mutation: Your flesh is cold resistant. (rC+) [potion of mutation]
  2377 | D:3      | Gained mutation: You are frail. (-10% HP) [potion of mutation]
  2377 | D:3      | Gained mutation: Your body sometimes deteriorates upon taking damage. [potion of mutation]
  2429 | D:3      | HP: 1/29 [gnoll/spear (6)]
  2775 | D:3      | Gained mutation: Your body often deteriorates upon taking damage. [potion of mutation]
  2953 | D:3      | Noticed Terence
  2967 | D:3      | Killed Terence
  2967 | D:3      | Reached XP level 5. HP: 34/34 MP: 3/8
  3033 | D:3      | Found a sacrificial altar of Ru.
  3037 | D:3      | Found a sparkling altar of Nemelex Xobeh.
  3037 | D:3      | Found an opulent altar of Gozag.
  3050 | D:3      | Found a white marble altar of Elyvilon.
  3054 | D:3      | Found a bloodstained altar of Trog.
  3545 | D:4      | Reached skill level 6 in Summonings
  3687 | D:4      | Noticed an ogre
  3750 | D:4      | Killed an ogre
  3840 | D:4      | Reached XP level 6. HP: 40/40 MP: 2/9
  4690 | D:5      | Entered Level 5 of the Dungeon
  4690 | D:5      | Noticed a sky beast
  4700 | D:5      | Killed a sky beast
  4705 | D:5      | Gained mutation: Your mind is acute. (Int +2) [mutagenic meat]
  4707 | D:5      | Lost mutation: Your mind is acute. (Int +2) [mutagenic meat]
  4708 | D:5      | Lost mutation: Your body often deteriorates upon taking damage. [mutagenic meat]
  5060 | D:5      | Reached skill level 7 in Summonings
  5060 | D:5      | Your scales start taking on a weird mottled colour.
  5060 | D:5      | Reached XP level 7. HP: 45/45 MP: 3/10
  5539 | D:5      | Found a staircase to the Ecumenical Temple.
  5550 | Temple   | Entered the Ecumenical Temple
  5605 | Temple   | Became a worshipper of Ashenzari the Shackled
  5663 | D:5      | HP: 2/45 [centaur (5)]
  5664 | D:5      | Slain by a centaur

Skill      XL: |  1  2  3  4  5  6 |
---------------+-------------------+-----
Summonings     | 5 6 7 |  7.1
Shields        | 1 2 3 4 |  4.8
Dodging        | |  1.7
Stealth        | |  1.7
Spellcasting   | |  2.0

Action                   |  1- 3 |  4- 6 |  7- 9 || total
-------------------------+-------+-------+-------++-------
Melee: Unarmed           |    19 |       |       ||    19
       Whip              |   136 |    14 |       ||   150
       Tailslap          |     9 |     8 |     3 ||    20
       Spear             |       |   140 |    46 ||   186
 Cast: Summon Small Mamm |    28 |    19 |       ||    47
       Call Imp          |     6 |    27 |     4 ||    37
       Call Canine Famil |       |     9 |     5 ||    14
Invok: Curse Item        |       |       |     1 ||     1
 Abil: Breathe Sticky Fl |       |       |     1 ||     1
  Use: Potion            |       |     9 |     1 ||    10
       Scroll            |       |     2 |       ||     2
 Stab: Sleeping          |     2 |     2 |       ||     4
       Distracted        |     1 |       |       ||     1
  Eat: Chunk             |     4 |    17 |     3 ||    24
Armor: Skin              |    55 |    24 |    14 ||    93
Dodge: Dodged            |   125 |    64 |    19 ||   208
